 Dungeon Crawl Stone Soup version 0.28-a0-1344-g6b9ff3a05d (webtiles) character file.

Game seed: 8187397752495187594

3001 Deminshera the Covert (level 10, 0/59 HPs)
             Began as a Kobold Brigand on Dec 29, 2021.
             Killed from afar by a steam dragon (11 damage)
             ... with a ball of steam
             ... on level 7 of the Dungeon.
             The game lasted 00:09:43 (8807 turns).

Deminshera the Covert (Kobold Brigand)              Turns: 8807, Time: 00:09:44

Health: 0/59       AC: 10    Str: 10    XL:     10   Next: 9%
Magic:  10/10      EV: 13    Int: 12    God:
Gold:   360        SH:  5    Dex: 27    Spells: 9/9 levels left

rFire   . . .      SeeInvis .   y - +0 shortbow of Hoerepp {venom, rPois Dex+7}
rCold   . . .      Faith    .   (shield currently unavailable)
rNeg    . . .      Spirit   .   n - +3 ring mail
rPois   +          Reflect  +   K - +0 helmet
rElec   .          Harm     .   c - +0 cloak
rCorr   .          Rampage  .   (no gloves)
Will    .....                   (no boots)
Stlth   +++++.....              w - amulet of reflection
HPRegen 0.19/turn               (no ring)
MPRegen 0.12/turn               (no ring)

@: no status effects
A: small, no large weapons, nightstalker 3
a: no special abilities


You were on level 7 of the Dungeon.
You visited 2 branches of the dungeon, and saw 8 of its levels.

You collected 360 gold pieces.

Inventory:

Hand Weapons
 a - a +2 dagger
 y - the +0 shortbow of Hoerepp (weapon) {venom, rPois Dex+7}
   (You found it on level 4 of the Dungeon)

   Any ammunition fired from it poisons the flesh of those it strikes.
   Dex:       It affects your dexterity (+7).
   rPois:     It protects you from poison.
Missiles
 d - 16 poisoned darts
 e - 2 curare-tipped darts
 p - 5 atropa-tipped darts
 z - 26 arrows (quivered ammo)
 A - a throwing net
Armour
 b - a +0 robe
 c - a +0 cloak (worn)
 n - a +3 ring mail (worn)
 K - a +0 helmet (worn)
Jewellery
 h - a ring of ice
 w - an amulet of reflection (around neck)
 L - an amulet of faith
Wands
 u - a wand of mindburst (6)
 D - a wand of flame (26)
 E - a wand of acid (6)
 G - a wand of polymorph (11)
Scrolls
 f - 6 scrolls of teleportation {unknown}
 g - 5 scrolls of identify {unknown}
 o - 3 scrolls of fog {unknown}
 q - 2 scrolls of torment {unknown}
 s - a scroll of amnesia {unknown}
 t - 2 scrolls of magic mapping {unknown}
 v - a scroll of noise {unknown}
 x - a scroll of blinking {unknown}
 C - a scroll of fear {unknown}
 J - a scroll of acquirement {unknown}
 M - a scroll of enchant weapon {unknown}
Potions
 i - 4 potions of curing {unknown}
 j - a potion of ambrosia {unknown}
 k - 2 potions of heal wounds {unknown}
 l - a potion of magic {unknown}
 m - 2 potions of mutation {unknown}
 r - a potion of brilliance {unknown}
 B - a potion of lignification {unknown}
 F - a potion of might {unknown}
 H - 2 potions of flight {unknown}
 I - a potion of resistance {unknown}


   Skills:
 - Level 5.0 Fighting
 - Level 5.0 Short Blades
 + Level 8.2 Bows
 - Level 2.2 Throwing
 - Level 0.8 Armour
 - Level 1.2 Dodging
 - Level 10.0 Stealth
 - Level 8.0 Evocations


You had 9 spell levels left.
You didn't know any spells.
Your spell library contained the following spells:

 Spells                   Type           Power      Damage    Failure   Level
 Foxfire                  Conj/Fire      0%         2x1d4     65%         1
 Conjure Flame            Conj/Fire      0%         6-21      95%         3
 Gell's Gravitas          Tloc           0%         N/A       95%         3
 Inner Flame              Hex/Fire       0%         N/A       95%         3
 Lesser Beckoning         Tloc           0%         N/A       95%         3
 Ozocubu's Armour         Ice            0%         N/A       95%         3
 Teleport Other           Tloc           0%         N/A       95%         3
 Flame Wave               Conj/Fire      0%         2d4       100%        4
 Ozocubu's Refrigeration  Ice            0%         4d5       100%        7


Dungeon Overview and Level Annotations

Branches:
Dungeon (7/15)             Temple (1/1) D:5

Altars:
Ashenzari
Cheibriados
Fedhas
Gozag
Hepliaklqana
Kikubaaqudgha
Makhleb
Nemelex Xobeh
Okawaru
Qazlal
Sif Muna
Trog
Uskayaw
Vehumet
Wu Jian
Xom
Yredelemnul
Zin

Annotations:
D:5 1 runed translucent door


Innate Abilities, Weirdness & Mutations

You are small and have problems with some larger weapons.
You are completely attuned to the shadows.


Message History

You hear an angry hiss.
You hear a shout!
The steam dragon breathes steam at you. The ball of steam hits you.
The howler monkey hoots and howls with incredible vigour!
The steam dragon barely misses you. The steam dragon claws you.
You hear a shout!
You hear an angry hiss.
The howler monkey is engulfed in a cloud of scalding steam.
You feel a bit more experienced.
Training target 8.0 for Evocations reached!
Your Evocations skill increases to level 8!
You need to enable at least one skill for training.
You see here a howler monkey corpse.
The steam dragon bites you but does no damage.
The steam dragon barely misses you. The howler monkey closely misses you.
You block the steam dragon's attack. The steam dragon completely misses you.
The howler monkey hoots and howls with incredible vigour!
The steam dragon breathes steam at you. The ball of steam misses you.
You block the howler monkey's attack.
You are engulfed in a cloud of scalding steam.
* * * LOW HITPOINT WARNING * * *
The howler monkey is engulfed in a cloud of scalding steam.
A centaur skeleton comes into view.
The howler monkey is engulfed in a cloud of scalding steam.
The howler monkey misses you.
The centaur skeleton moves out of view.
The howler monkey closely misses you. The howler monkey barely misses you.
The howler monkey barely misses you. You block the steam dragon's attack.
The steam dragon claws you.
* * * LOW HITPOINT WARNING * * *
The howler monkey misses you. The steam dragon breathes steam at you.
The ball of steam misses you.
You are engulfed in a cloud of scalding steam.
You feel yourself speed up. You block the steam dragon's attack.
The steam dragon claws you but does no damage.
The steam dragon breathes steam at you. The ball of steam hits you!
You die...

.................####.######
####.#..................>.....
.......#####.........##.######
##..##.#.....'.........##.# ####
.......#######.........##.# #..[
.............#.§.....[.##+###.#.
.....#.#####h#.........#...##.#.
............§D..................
..#..##...##.#§@...........##.#.
..§.§##...+..########..##..##.#.
##...##...#### #..##..##.#.
###.Z.###... #...#..##.#.
.....†# #.#....... ....#.#
#..#...... ......# #.##.####.##
#[#(### ............ ...(.
..#...##...#


You could see a steam dragon (catching breath) and a howler monkey.

Vanquished Creatures
  Pikel (D:5)
  Maggie (D:6)
  A hornet (D:6)
  Sigmund (D:5)
  2 water moccasins (D:7)
  An orc warrior (D:6)
  2 sky beasts (D:6)
  2 ice beasts
  A centaur (D:6)
  2 ogres
  A phantom (D:4)
  2 lemures (D:5)
  2 bullfrogs
  A gnoll sergeant (D:6)
  2 scorpions
  A water moccasin skeleton (D:5)
  A howler monkey (D:7)
  A bullfrog zombie (D:6)
  2 jellies (D:6)
  A bullfrog skeleton (D:6)
  A hound (D:6)
  An iguana (D:6)
  An orc priest (D:4)
  Terence (D:2)
  An orc wizard (D:4)
  5 adders
  A shadow imp (D:6)
  4 white imps
  2 ufetubi
  2 dart slugs
  4 orcs
  5 ball pythons
  3 bats
  4 endoplasms
  A giant cockroach (D:1)
  7 goblins
  5 hobgoblins
  A quokka (D:3)
  2 frilled lizards (D:2)
  A goblin skeleton (D:5)
  A goblin zombie (D:5)
  6 kobolds
  2 rats (D:1)
89 creatures vanquished.

Vanquished Creatures (others)
  A wraith (D:7)
1 creature vanquished.

Grand Total: 90 creatures vanquished

Notes
Turn   | Place    | Note
-------+----------+-------------------------------------------
     0 | D:1      | Deminshera the Kobold Brigand began the quest for the Orb.
     0 | D:1      | Reached XP level 1. HP: 12/12 MP: 1/1
   130 | D:1      | Reached XP level 2. HP: 12/17 MP: 2/2
   702 | D:1      | Reached skill level 6 in Stealth
  1152 | D:2      | Found a burning altar of Makhleb.
  1286 | D:2      | Noticed Terence
  1290 | D:2      | Killed Terence
  1291 | D:2      | Reached XP level 3. HP: 22/22 MP: 3/3
  1555 | D:2      | Reached XP level 4. HP: 27/27 MP: 4/4
  3134 | D:3      | Found a shimmering blue altar of Sif Muna.
  3232 | D:4      | Noticed an ogre
  3234 | D:4      | Killed an ogre
  3235 | D:4      | Reached skill level 7 in Stealth
  3235 | D:4      | Reached XP level 5. HP: 31/31 MP: 5/5
  3420 | D:4      | Reached XP level 6. HP: 26/36 MP: 6/6
  3432 | D:4      | Reached skill level 1 in Evocations
  3833 | D:4      | Reached skill level 5 in Short Blades
  3949 | D:4      | Identified the +0 shortbow of Hoerepp {venom, rPois Dex+7}
  3999 | D:5      | Entered Level 5 of the Dungeon
  4088 | D:5      | Noticed a human
  4103 | D:5      | Found a runed translucent door.
  4109 | D:5      | Found a basalt altar of Yredelemnul.
  4138 | D:5      | Reached skill level 1 in Bows
  4589 | D:5      | Found a staircase to the Ecumenical Temple.
  4598 | D:5      | Noticed Sigmund
  4620 | D:5      | Noticed Pikel
  4633 | D:5      | Reached XP level 7. HP: 23/40 MP: 7/7
  4866 | D:5      | Killed Pikel
  4867 | D:5      | Reached XP level 8. HP: 45/45 MP: 8/8
  5069 | D:5      | Killed Sigmund
  5081 | Temple   | Entered the Ecumenical Temple
  5455 | D:5      | Found a stormy altar of Qazlal.
  5575 | D:5      | Found a radiant altar of Vehumet.
  5782 | D:5      | Found a glowing silver altar of Zin.
  6334 | D:6      | Noticed Maggie
  6344 | D:6      | Killed Maggie
  6345 | D:6      | Reached skill level 8 in Stealth
  6345 | D:6      | Reached XP level 9. HP: 39/52 MP: 9/9
  6690 | D:6      | Noticed a hornet
  6697 | D:6      | Killed a hornet
  6698 | D:6      | Reached skill level 9 in Stealth
  7430 | D:6      | Reached skill level 5 in Fighting
  7579 | D:6      | Reached skill level 5 in Evocations
  7692 | D:6      | Reached skill level 10 in Stealth
  7706 | D:6      | Identified the +7 morningstar "Kayf" {venom, Dex+4}
  8551 | D:7      | Reached XP level 10. HP: 51/59 MP: 10/10
  8807 | D:7      | Killed from afar by a steam dragon

Illustrated notes

Levels and vault maps discovered:
D:1:      psy_arrival_radial01, layout_basic
D:2:      layout_basic, basic_altar, uniq_terence
D:3:      layout_basic, lemuel_blue_sif_altar, grunt_decor_junction,
          minmay_goblin_kobold_house
D:4:      layout_basic
D:5:      layout_basic, dk_yredelemnul_ordeal, grunt_qazlal_clouds,
          mainiacjoe_overflow_paths, kennysheep_mini, minmay_temple_entry_grid,
          bh_walls_and_bars, uniq_sigmund, uniq_pikel
D:6:      minmay_octagon_keep, layout_gridville, uniq_maggie
D:7:      layout_basic
Temple:   oiseaux_autumnal_temple

Skill      XL: |  1  2  3  4  5  6  7  8  9 10 |
---------------+-------------------------------+-----
Short Blades   | 3 4 5 |  5.0
Stealth        | 6 7 8 10 | 10.0
Evocations     | 1 2 7 8 |  8.0
Bows           | 2 6 8 |  8.2
Fighting       | 3 5 |  5.0
Throwing       | |  2.2
Armour         | |  0.8
Dodging        | |  1.2

Action                   |  1- 3 |  4- 6 |  7- 9 | 10-12 || total
-------------------------+-------+-------+-------+-------++-------
Melee: Dagger            |    42 |    68 |    80 |       ||   190
 Fire: Shortbow          |       |    26 |   137 |    22 ||   185
Throw: Dart              |       |    16 |       |       ||    16
Evoke: Wand              |       |     3 |     6 |       ||     9
 Stab: Sleeping          |    10 |    12 |     4 |       ||    26
       Distracted        |       |     1 |       |       ||     1
Armor: Robe              |     7 |       |       |       ||     7
       Ring mail         |       |    20 |    38 |     9 ||    67
Dodge: Dodged            |    13 |    46 |    52 |    18 ||   129
Block: Other             |       |     5 |    37 |     6 ||    48

Table legend: (Time is in decaauts)
 A = Elapsed time spent in this place.
 B = Non-inter-level travel time spent in this place.
 C = Inter-level travel time spent in this place.
 D = Time resting spent in this place.
 E = Time spent auto-exploring this place.
 F = Levels seen in this place.
 G = Mean time per level.
                   A        B        C        D        E       F      G
               +--------+--------+--------+--------+--------+-----+--------+
         Total |   8776 |   8375 |    401 |   1981 |   5518 |   8 | 1097.0 |
       Dungeon |   8403 |   8029 |    374 |   1981 |   5188 |   7 | 1200.4 |
        Temple |    372 |    345 |     27 |      0 |    330 |   1 |  372.0 |
               +--------+--------+--------+--------+--------+-----+--------+

Top non-repeatable levels by time:
     D:6: 2087 daAuts
     D:5: 1718 daAuts
     D:2: 1249 daAuts
     D:3: 1015 daAuts
     D:4: 955 daAuts
     D:1: 954 daAuts
     D:7: 423 daAuts
  Temple: 372 daAuts
